 Dungeon Crawl Stone Soup version 0.21-a0-215-g0631661 (webtiles) character file.

10667 MackTheKnife the Blocker (level 11, -1/81 HPs)
             Began as a Formicid Wanderer on Aug 22, 2017.
             Was an Initiate of Gozag.
             Slain by a two-headed ogre
             ... wielding a +0 giant club
              (27 damage)
             ... on level 10 of the Dungeon.
             The game lasted 00:19:14 (11433 turns).

MackTheKnife the Blocker (Formicid Wanderer)       Turns: 11433, Time: 00:19:15

Health: -1/81      AC: 10    Str: 19    XL:     11   Next: 97%
Magic:  11/11      EV:  9    Int: 14    God:    Gozag
Gold:   1044       SH: 20    Dex:  9    Spells: 10/10 levels left

rFire    . . .     SeeInvis +   s - +0 war axe (freeze)
rCold    + . .     Gourm    .   b - +2 large shield {reflect}
rNeg     + . .     Faith    .   r - +0 scale mail
rPois    .         Spirit   .   (helmet unavailable)
rElec    .         Reflect  +   (no cloak)
rCorr    .         Harm     +   (no gloves)
MR       ++...                  h - +1 pair of boots
Stlth    ..........             f - amulet of harm (curse)
HPRegen  0.23/turn              x - ring of protection from magic {MR+, !d}
MPRegen  0.12/turn              u - ring of positive energy {rN+}

@: gold aura
A: permanent stasis, dig shafts and tunnels, four strong arms, antennae 3,
yellow scales 1, cold resistance 1, wild magic 1
a: Dig, Shaft Self, Potion Petition, Call Merchant, Bribe Branch, Renounce
Religion


You were on level 10 of the Dungeon.
You worshipped Gozag.
Gozag was most pleased with you.
You were not hungry.

You visited 2 branches of the dungeon, and saw 11 of its levels.
You also visited: Sewer.

You collected 2135 gold pieces.
You spent 230 gold pieces at shops.
You paid 861 gold pieces to Gozag.

Inventory:

Hand Weapons
 s - a +0 war axe of freezing (weapon)
   (You took it off an orc on level 4 of the Dungeon)
Missiles
 C - a throwing net {=f, !d}
Armour
 b - a +2 large shield of reflection (worn)
   (You found it on level 5 of the Dungeon)
 h - a +1 pair of boots (worn)
   (You found it on level 1 of the Dungeon)
 r - a +0 scale mail (worn)
   (You found it on level 2 of the Dungeon)
Jewellery
 f - a cursed amulet of harm (around neck)
   (You found it on level 3 of the Dungeon)
 u - a ring of positive energy (right hand) {rN+}
   (You found it on level 4 of the Dungeon)
 x - a ring of protection from magic (left hand) {MR+, !d}
   (You found it on level 5 of the Dungeon)
 z - an uncursed ring of protection from cold {rC+, !d}
   (You found it on level 7 of the Dungeon)
Wands
 j - a wand of lightning (8/15)
   (You found it on level 9 of the Dungeon)
 y - a wand of digging (10/24)
   (You took it off Duvessa on level 6 of the Dungeon)
 G - a wand of scattershot (4/9)
   (You found it on level 8 of the Dungeon)
Scrolls
 a - 4 scrolls of fear
 d - 5 scrolls of remove curse
 n - 3 scrolls of amnesia
 A - 2 scrolls of immolation {!r}
 B - 3 scrolls of enchant weapon
 D - a scroll of fog
 F - 2 scrolls of magic mapping {!r}
 H - 2 scrolls of recharging
 I - a scroll of identify
Potions
 c - 6 potions of curing
 e - a potion of mutation {!q}
 g - 2 potions of invisibility
 i - a potion of cancellation
 k - 2 potions of might
 t - a potion of magic
 v - 2 potions of agility
 w - 3 potions of heal wounds
 E - 2 potions of resistance
Miscellaneous
 o - a fan of gales
   (You found it on level 10 of the Dungeon)
Comestibles
 l - 3 royal jellies
 m - 33 fruits
 p - 5 meat rations {@e2}
 q - 2 bread rations {@e1}


   Skills:
 - Level 5.9 Fighting
 + Level 13.0(13.1) Axes
   Level 1.9(8.8) Maces & Flails
 - Level 1.0 Dodging
 + Level 13.5 Shields
 - Level 2.0 Unarmed Combat
 - Level 1.1 Evocations


You had 10 spell levels left.
You didn't know any spells.

Dungeon Overview and Level Annotations

Branches:
Dungeon (10/15)            Temple (1/1) D:5             Orc (0/2) D:9
   Lair: D:8-11

Altars:
Ashenzari
Cheibriados
Dithmenos
Elyvilon
Fedhas
Gozag
Hepliaklqana
Kikubaaqudgha
Makhleb
Nemelex Xobeh
Okawaru
Qazlal
Ru
Sif Muna
Trog
Uskayaw
Vehumet
Wu Jian
Xom
Yredelemnul
Zin
The Shining One

Shops:
D:5 !   D:9 :*


Innate Abilities, Weirdness & Mutations

You cannot be hasted, slowed, berserked, paralysed or teleported.
You can dig through walls and to a lower floor.
Your four strong arms can wield two-handed weapons with a shield.
You have a pair of large antennae on your head. (SInv)
You are partially covered in yellow scales. (AC +2)
Your flesh is cold resistant. (rC+)
Your spells are a little harder to cast, but a little more powerful.


Message History

You hit the orc. You freeze the orc. You block the orc's attack.
Your shield and scale mail prevent you from hitting the orc.
You block the orc's attack.
You closely miss the orc. You block the orc's attack.
You hit the orc but do no damage. You block the orc's attack.
You closely miss the orc. You block the orc's attack.
You hit the orc but do no damage.
The orc priest invokes the aid of Beogh against you.
Beogh smites you! You block the orc's attack.
You take 15 damage, and have 66/81 hp.
You hit the orc. You freeze the orc.
You kill the orc!
You hit the orc but do no damage. You block the orc's attack.
You hit the orc. You freeze the orc.
You kill the orc!
You hit the orc priest but do no damage.
The orc priest hits you but does no damage.
You hit the orc priest. You freeze the orc priest.
You block the orc priest's attack.
You hit the orc priest but do no damage.
You hit the orc priest. You freeze the orc priest.
You kill the orc priest!
No target in view!
You now have 945 gold pieces (gained 16).
Items here: )) [[ a flail; a morningstar; a scale mail; a chain mail You now have 962 gold pieces (gained 17).
You see here a runed leather armour.
You see here a dire flail.
You now have 974 gold pieces (gained 12).
You now have enough gold to fund merchants seeking to open stores in the dungeon.
You now have 1006 gold pieces (gained 32).
H - 2 scrolls of recharging (gained 1);
F - a scroll labeled NICWEI WERENOE
Items here: )))) [[ a leather armour; a flail; a hand axe; a flail; a leather armour; a falchion You regained 4 hp, and now have 72/81 hp.
You see here a scroll of teleportation.
A centaur comes into view.
You block the centaur's attack.
The centaur hits you but does no damage.
You see here 34 stones.
A centaur is nearby!
A centaur is nearby!
A centaur is nearby!
You regained 8 hp, and now have 80/81 hp.
You slash the centaur! You freeze the centaur.
You kill the centaur!
No target in view!
No target in view!
You now have 1044 gold pieces (gained 38).
Things that are here:
a shortbow; 17 arrows You sense a monster nearby.
l - 3 royal jellies (gained 1) Health restored: 81 No target in view!
F - 2 scrolls labeled NICWEI WERENOE (gained 1)
You see here a wand of flame (?/48).
You see here 4 large rocks {!d}.
You see here a curved glowing staff.
You see here 15 stones.
You are starving!
You eat one of the 3 bread rations {@e1}.
That bread ration really hit the spot!
As you read the scroll of identify, it crumbles to dust.
F - 2 scrolls of magic mapping You see here a helmet.
You see here a helmet.
Things that are here:
a scimitar; a chain mail You see here 4 stones.
Things that are here:
a whip; 4 stones
Found a stone staircase leading up.
p - 5 meat rations {@e2} (gained 1)
d - 5 scrolls of remove curse (gained 1)
You sense a monster nearby.
A hound and a two-headed ogre come into view.
The two-headed ogre shouts in stereo!
The hound barks!
There are monsters nearby!
You hit the two-headed ogre. You freeze the two-headed ogre. You hit the hound.
You freeze the hound.
The two-headed ogre hits you with a giant club! x2
You block the hound's attack.
You take 31 damage, and have 50/81 hp.
MASSIVE DAMAGE!!
You completely miss the hound. You slash the two-headed ogre!
You freeze the two-headed ogre. You block the hound's attack.
The two-headed ogre closely misses you.
The two-headed ogre completely misses you.
You block the hound's attack.
You slash the hound! You freeze the hound.
You kill the hound!
You hit the two-headed ogre. You freeze the two-headed ogre.
You block the two-headed ogre's attack. x2
You hit the two-headed ogre. You freeze the two-headed ogre.
You hit the two-headed ogre. You freeze the two-headed ogre.
The two-headed ogre hits you with a giant club!! x2
You die...
Your body crumbles into a pile of gold.

.#.#(#.#.#.#.##......#...........
#.#.#.###.###(#..)...###########'
.#.#.#.#.#.#.##......##..##......
#.#.###.###.###......##...#......
.#.#.#.#.#.#.##...........#......
#.###.###.###|#......######......
.#.#.#.#.#.#.##......#......#####
###.###.###.###.######......#
##.#.#.#.#.#.##.@O..........#
#.###.###.###(#..$..........#
.###.#.#.#.#.##.......#######
#.#.###.###.###.......'....######
##.###)#.#.#.##.......#.....+....
#.#.#.###.###/#.#######....##....
.###.###.#.#.##......##....##....
#.#.#.#.###.###.............#....
##.###.###.#.##......##...(('....


You could see a two-headed ogre.

Vanquished Creatures
  A two-headed ogre (D:8)
  An unseen horror (D:10)
  Pikel (D:6)
  Joseph (D:10)
  2 gargoyles
  A komodo dragon (D:10)
  A tengu conjurer (D:10)
  3 hornets
  A troll (D:9)
  2 hippogriffs
  A yak (D:10)
  3 hungry ghosts
  A steam dragon (D:10)
  A water moccasin (D:9)
  Duvessa (D:6)
  5 orc warriors
  A slave (D:6)
  An ice beast (D:9)
  Purgy (Sewer)
  8 phantoms
  An eye of draining (D:10)
  9 ogres
  A sky beast (D:8)
  2 centaurs
  3 big kobolds
  Blork the orc (D:6)
  3 bullfrogs
  Dowan (D:6)
  3 scorpions
  2 troll zombies (D:9)
  2 howler monkeys
  2 crimson imps
  2 centaur zombies
  3 jellies
  A bullfrog zombie (D:5)
  A quasit (D:5)
  9 hounds
  8 orc wizards
  10 orc priests
  4 bullfrog skeletons
  4 iguanas
  9 worker ants
  A killer bee zombie (D:8)
  4 ogre zombies (D:9)
  11 gnolls
  A worker ant zombie (D:10)
  13 adders
  2 shadow imps
  4 adder skeletons
  6 worms
  2 dart slugs
  8 leopard geckos
  23 orcs
  5 bats
  6 giant cockroaches
  3 goblins
  8 hobgoblins
  21 kobolds
  7 quokkas
  5 frilled lizards
  A goblin skeleton (D:9)
  3 goblin zombies (D:9)
  A hobgoblin skeleton (D:9)
  2 hobgoblin zombies (D:9)
  10 orc zombies (D:9)
  A quokka skeleton (D:3)
  A quokka zombie (D:5)
  4 rats
  A plant (D:10)
272 creatures vanquished.

Vanquished Creatures (others)
  A slave (D:6)
  A jelly (D:6)
  A kobold (D:10)
3 creatures vanquished.

Grand Total: 275 creatures vanquished

Notes
Turn   | Place    | Note
-------+----------+-------------------------------------------
     0 | D:1      | MackTheKnife the Formicid Wanderer began the quest for the Orb.
     0 | D:1      | MackTheKnife set off with: a scroll of fear, a potion of heal wounds, a potion of curing, a +0 buckler, a +0 robe, a +0 club, a bread ration {@e1}
     0 | D:1      | Reached XP level 1. HP: 21/21 MP: 1/1
   248 | D:1      | Reached XP level 2. HP: 21/28 MP: 2/2
   388 | D:1      | Reached skill level 2 in Shields
   792 | D:2      | HP: 5/28 [worm (7)]
  1060 | D:2      | HP: 3/28 [worm (8)]
  1754 | D:2      | Reached XP level 3. HP: 34/34 MP: 3/3
  2006 | D:2      | Reached skill level 3 in Shields
  2057 | D:2      | Reached XP level 4. HP: 14/40 MP: 4/4
  2382 | D:2      | Reached skill level 4 in Shields
  2665 | D:2      | Reached skill level 1 in Maces & Flails
  3073 | D:3      | Reached XP level 5. HP: 42/46 MP: 5/5
  3450 | D:3      | Found a deep blue altar of Sif Muna.
  3451 | D:3      | Found a glowing silver altar of Zin.
  3582 | D:4      | Noticed an ogre
  3585 | D:4      | Gained mutation: You are partially covered in yellow scales. (AC +2) [potion of mutation]
  3585 | D:4      | Gained mutation: You do not regenerate when monsters are visible. [potion of mutation]
  3585 | D:4      | Gained mutation: Your body sometimes deteriorates upon taking damage. [potion of mutation]
  3585 | D:4      | Gained mutation: Your flesh is cold resistant. (rC+) [potion of mutation]
  3598 | D:4      | Killed an ogre
  3598 | D:4      | Reached skill level 2 in Axes
  3598 | D:4      | Reached XP level 6. HP: 19/52 MP: 6/6
  3697 | D:4      | Noticed an ogre
  3706 | D:4      | Killed an ogre
  3706 | D:4      | Reached skill level 3 in Axes
  3835 | D:4      | Found a glowing drain.
  3894 | Sewer    | Entered a sewer
  4043 | Sewer    | Noticed Purgy
  4046 | Sewer    | Killed Purgy
  4046 | Sewer    | Reached skill level 4 in Axes
  4046 | Sewer    | Reached XP level 7. HP: 50/57 MP: 7/7
  4047 | Sewer    | Lost mutation: You do not regenerate when monsters are visible. [potion of mutation]
  4047 | Sewer    | Lost mutation: Your body sometimes deteriorates upon taking damage. [potion of mutation]
  4047 | Sewer    | Gained mutation: Your spells are a little harder to cast, but a little more powerful. [potion of mutation]
  4234 | D:4      | Reached skill level 5 in Axes
  4324 | D:4      | HP: 13/57 [howler monkey (2)]
  4325 | D:4      | HP: 5/57 [howler monkey (6)]
  4331 | D:4      | HP: 5/57 [poisoned by a worker ant]
  4455 | D:4      | HP: 7/57 [ogre/giant club (25)]
  4823 | D:4      | Reached skill level 6 in Axes
  4953 | D:5      | Entered Level 5 of the Dungeon
  5033 | D:4      | Reached XP level 8. HP: 64/64 MP: 8/8
  5126 | D:5      | Reached skill level 7 in Axes
  5130 | D:5      | Found a staircase to the Ecumenical Temple.
  5140 | Temple   | Entered the Ecumenical Temple
  5230 | Temple   | Became a worshipper of Gozag Ym Sagoz the Greedy
  5835 | D:5      | Reached skill level 5 in Shields
  5974 | D:5      | Found Ecviblaw's Distillery.
  5982 | D:5      | Bought a potion of might for 40 gold pieces
  5982 | D:5      | Bought a potion of agility for 40 gold pieces
  5982 | D:5      | Bought a potion of heal wounds for 50 gold pieces
  5982 | D:5      | Bought a potion of heal wounds for 50 gold pieces
  5982 | D:5      | Bought a potion of heal wounds for 50 gold pieces
  6154 | D:5      | Reached skill level 8 in Axes
  6557 | D:6      | Noticed Duvessa
  6557 | D:6      | Noticed Dowan
  6634 | D:5      | Reached skill level 6 in Shields
  6768 | D:6      | Reached XP level 9. HP: 61/69 MP: 9/9
  6794 | D:6      | Noticed Blork the orc
  6804 | D:6      | Killed Blork the orc
  6815 | D:6      | Killed Duvessa
  6815 | D:6      | Reached skill level 7 in Shields
  6827 | D:6      | Killed Dowan
  6827 | D:6      | Reached skill level 9 in Axes
  6861 | D:6      | Noticed Pikel
  6883 | D:6      | Killed Pikel
  6883 | D:6      | Reached skill level 8 in Shields
  7436 | D:7      | Found a shattered altar of Ashenzari.
  7561 | D:7      | Found a shadowy altar of Dithmenos.
  7561 | D:7      | Found a glowing golden altar of the Shining One.
  7562 | D:7      | Found a blossoming altar of Fedhas.
  7563 | D:7      | Found a hazy altar of Hepliaklqana.
  7563 | D:7      | Found a bloodstained altar of Trog.
  7563 | D:7      | Found a stormy altar of Qazlal.
  7564 | D:7      | Found a white marble altar of Elyvilon.
  7569 | D:7      | Found an iron altar of Okawaru.
  7869 | D:8      | Noticed a hippogriff
  7876 | D:8      | Killed a hippogriff
  7876 | D:8      | Reached skill level 10 in Axes
  7876 | D:8      | Reached skill level 9 in Shields
  7876 | D:8      | Reached XP level 10. HP: 62/76 MP: 10/10
  8123 | D:8      | Noticed a two-headed ogre
  8135 | D:8      | Killed a two-headed ogre
  8135 | D:8      | Reached skill level 10 in Shields
  8318 | D:8      | Reached skill level 11 in Axes
  8926 | D:9      | Reached skill level 11 in Shields
  8966 | D:9      | Found Myxuebbe's Book Emporium.
  9047 | D:9      | Noticed a gargoyle
  9055 | D:9      | Killed a gargoyle
  9168 | D:9      | Reached XP level 11. HP: 81/81 MP: 11/11
  9322 | D:9      | Found a staircase to the Orcish Mines.
  9331 | D:9      | HP: 8/81 [orc priest/divine providence (15)]
  9688 | D:9      | Reached skill level 12 in Axes
  9688 | D:9      | Reached skill level 12 in Shields
  9873 | D:10     | Entered Level 10 of the Dungeon
  9956 | D:10     | Noticed Joseph
  9970 | D:10     | Killed Joseph
 10012 | D:10     | HP: 20/81 [battlesphere[a tengu conjurer] (21)]
 10019 | D:10     | HP: 19/81 [poisoned by a kobold]
 10027 | D:10     | HP: 19/81 [poisoned by a kobold]
 10443 | D:10     | Reached skill level 13 in Shields
 10866 | D:10     | Noticed an unseen horror
 10878 | D:10     | Killed an unseen horror
 10890 | D:10     | Reached skill level 13 in Axes
 11427 | D:10     | Noticed a two-headed ogre
 11433 | D:10     | Slain by a two-headed ogre

Vault maps used:
D:1:      elethiomel_arrival_shortcut
D:3:      gammafunk_temple_overflow_pools, first_bread
D:4:      cheibrodos_sewer_entry_bend
D:5:      temple_hall, serial_shops, shop
D:6:      uniq_pikel, uniq_duvessa, uniq_blork_the_orc
D:7:      overflow_temple_1_default, grunt_temple_overflow_open
D:9:      zombieorc1_lemuel, serial_shops, kennysheep_mini
D:10:     minmay_imperfect_grid, grunt_tengu_nest, uniq_joseph
Temple:   jpeg_temple_clearing
Sewer:    kennysheep_door_sewer

Skill      XL: |  1  2  3  4  5  6  7  8  9 10 11 |
---------------+----------------------------------+-----
Shields        | 2 3 4 6 9 11 13 | 13.5
Maces & Flails | 1 |  1.9
Axes           | 2 4 6 8 10 11 13 | 13.0
Fighting       | |  5.9
Dodging        | |  1.0
Unarmed Combat | |  2.0
Evocations     | |  1.1

Action                   |  1- 3 |  4- 6 |  7- 9 | 10-12 || total
-------------------------+-------+-------+-------+-------++-------
Melee: Club              |   163 |       |       |       ||   163
       Flail             |     8 |   177 |       |       ||   185
       Hand axe          |       |    52 |   122 |       ||   174
       War axe           |       |       |   267 |   572 ||   839
Invok: Call Merchant     |       |       |       |     1 ||     1
 Abil: Dig               |     2 |       |     3 |     3 ||     8
Evoke: Wand              |       |     7 |     9 |       ||    16
  Use: Potion            |     2 |     1 |     3 |     5 ||    11
       Scroll            |       |     6 |     6 |     8 ||    20
 Stab: Sleeping          |     1 |       |       |       ||     1
       Distracted        |       |       |     2 |     3 ||     5
       Confused          |       |       |     1 |       ||     1
  Eat: Bread ration      |     1 |       |     2 |     4 ||     7
       Chunk             |       |     7 |     5 |       ||    12
       Fruit             |       |       |       |     1 ||     1
       Meat ration       |       |       |       |     1 ||     1
Armor: Leather armour    |    26 |       |       |       ||    26
       Robe              |     2 |       |       |       ||     2
       Scale mail        |    18 |   123 |   125 |    75 ||   341
       Skin              |    11 |       |       |       ||    11
Dodge: Dodged            |    76 |   119 |   103 |    68 ||   366
Block: Buckler           |    31 |    68 |    27 |       ||   126
       Large shield      |       |       |   181 |   399 ||   580
       Reflection        |       |       |     2 |    14 ||    16

Table legend:
 A = Spawn XP
 B = Non-spawn XP
 C = Spawn XP percentage of total XP
 D = Spawn monster count
 E = Non-spawn monster count
 F = Spawn count percentage of total count
 G = Total turns spent on level
                    A         B        C        D         E        F      G
               +---------+---------+-------+---------+---------+-------+---------
         Total |    1508 |   13731 |   9.9 |      59 |     212 |  21.8 | 11433
               +---------+---------+-------+---------+---------+-------+---------
           D:1 |       7 |       8 |  46.7 |       3 |       5 |  37.5 |  1108
           D:2 |       4 |     102 |   3.8 |       3 |      22 |  12.0 |  1799
           D:3 |       8 |      34 |  19.0 |       3 |      16 |  15.8 |   758
           D:4 |     260 |     535 |  32.7 |      13 |      13 |  50.0 |  1575
           D:5 |     162 |     655 |  19.8 |       7 |      21 |  25.0 |  1089
           D:6 |      99 |    1354 |   6.8 |       3 |      15 |  16.7 |   709
           D:7 |       5 |     357 |   1.4 |       1 |       7 |  12.5 |   467
           D:8 |     330 |    2316 |  12.5 |       3 |      19 |  13.6 |   969
           D:9 |      99 |    2875 |   3.3 |       5 |      49 |   9.3 |  1041
          D:10 |     534 |    5357 |   9.1 |      18 |      39 |  31.6 |  1560
         Sewer |       0 |     138 |   0.0 |       0 |       6 |   0.0 |   256
               +---------+---------+-------+---------+---------+-------+---------

Vault maps used:
D:1:      elethiomel_arrival_shortcut
D:3:      gammafunk_temple_overflow_pools, first_bread
D:4:      cheibrodos_sewer_entry_bend
D:5:      temple_hall, serial_shops, shop
D:6:      uniq_pikel, uniq_duvessa, uniq_blork_the_orc
D:7:      overflow_temple_1_default, grunt_temple_overflow_open
D:9:      zombieorc1_lemuel, serial_shops, kennysheep_mini
D:10:     minmay_imperfect_grid, grunt_tengu_nest, uniq_joseph
Temple:   jpeg_temple_clearing
Sewer:    kennysheep_door_sewer

Table legend:
 A = Turns spent in this place as a percentage of turns spent in the entire game.
 B = Non-inter-level travel turns spent in this place as a percentage of non-inter-level travel turns spent in the entire game.
 C = Inter-level travel turns spent in this place as a percentage of turns spent in this place.
 D = Turns resting spent in this place as a percentage of non-inter-level travel turns spent in this place.
 E = Turns spent auto-exploring this place as a percentage of non-inter-level travel turns spent in this place.
 F = Non-inter-level travel turns spent in this place divided by the number of levels of this place that you've seen.
                   A       B       C       D       E      F
               +-------+-------+-------+-------+-------+----------------------
         Total | 100.0 | 100.0 |   4.3 |  29.1 |  42.2 | 911.3
       Dungeon |  96.9 |  96.8 |   4.4 |  29.2 |  42.9 | 1058.9
        Temple |   0.9 |   0.8 |  10.8 |   0.0 |  87.9 |  91.0
         Sewer |   2.2 |   2.3 |   0.0 |  34.8 |   0.0 | 256.0
               +-------+-------+-------+-------+-------+----------------------

Table legend:
 A = Kills in this place as a percentage of kills in entire the game.
 B = Kills by you in this place as a percentage of kills by you in the entire game.
 C = Kills by friends in this place as a percentage of kills by friends in the entire game.
 D = Other kills in this place as a percentage of other kills in the entire game.
 E = Experience gained in this place as a percentage of experience gained in the entire game.
 F = Experience gained in this place divided by the number of levels of this place that you have seen.
                   A       B       C       D       E      F
               +-------+-------+-------+-------+-------+----------------------
         Total | 100.0 | 100.0 |   N/A | 100.0 | 100.0 | 1269.9
       Dungeon |  97.8 |  97.8 |   N/A | 100.0 |  99.1 | 1510.1
         Sewer |   2.2 |   2.2 |   N/A |   0.0 |   0.9 | 138.0
               +-------+-------+-------+-------+-------+----------------------
